 Dungeon Crawl Stone Soup version 0.28.0-47-ge53b351184 (webtiles) character file.

Game seed: 11210266840912961186

42 pkoi the Charlatan (level 3, -1/28 HPs)
             Began as a Demigod Artificer on May 5, 2022.
             Slain by a worm (5 damage)
             ... on level 2 of the Dungeon.
             The game lasted 00:01:45 (2147 turns).

pkoi the Charlatan (Demigod Artificer)              Turns: 2147, Time: 00:01:46

Health: -1/28      AC:  5    Str: 13    XL:     3   Next: 17%
Magic:  6/6        EV: 11    Int: 17    God:
Gold:   50         SH:  0    Dex: 14    Spells: 3/3 levels left

rFire   . . .      SeeInvis .   f - +0 mace
rCold   . . .      Faith    .   (no shield)
rNeg    . . .      Spirit   .   b - +0 leather armour
rPois   .          Reflect  .   h - +0 helmet
rElec   .          Harm     .   (no cloak)
rCorr   .          Rampage  .   (no gloves)
Will    .....                   m - +0 pair of boots
Stlth   +.........              (no amulet)
HPRegen 0.09/turn               (no ring)
MPRegen 0.10/turn               (no ring)

@: no status effects
A: high MP 1, forlorn, divine attributes
a: no special abilities


You were on level 2 of the Dungeon.
You visited 1 branch of the dungeon, and saw 2 of its levels.

You collected 50 gold pieces.

Inventory:

Hand Weapons
 a - a +0 club
 f - a +0 mace (weapon)
 i - a +0 spear
Missiles
 o - 3 poisoned darts
Armour
 b - a +0 leather armour (worn)
 h - a +0 helmet (worn)
 m - a +0 pair of boots (worn)
Wands
 c - a wand of flame (15) (quivered)
 d - a wand of charming (14)
Scrolls
 l - 2 scrolls of identify
 n - a scroll of fear
Potions
 g - a potion of might
 j - 2 potions of curing {unknown}
 k - a potion of heal wounds {unknown}
 p - a potion of flight {unknown}
 q - 2 potions of berserk rage {unknown}
Miscellaneous
 e - a piece from Xom's chessboard (15/15)


   Skills:
 + Level 1.2 Fighting
 - Level 1.7 Armour
 - Level 0.8 Dodging
 - Level 0.8 Stealth
 - Level 0.1 Unarmed Combat
 + Level 0.5 Spellcasting
 * Level 3.7 Evocations


You had 3 spell levels left.
You didn't know any spells.
Your spell library was empty.

Dungeon Overview and Level Annotations

Branches:
Dungeon (2/15)


Innate Abilities, Weirdness & Mutations

You have an increased reservoir of magic. (+10% MP)
You shall have no god before yourself.
Your divine heritage dramatically boosts your attributes as you level up.


Message History

You are too injured to fight recklessly!
You are too injured to fight recklessly!
You are too injured to fight recklessly!
You are too injured to fight recklessly!
You are too injured to fight recklessly!
You are too injured to fight recklessly!
You are too injured to fight recklessly!
You are too injured to fight recklessly!
You are too injured to fight recklessly!
The kobold closely misses you.
There is an open door here.
You barely miss the kobold. The kobold hits you with a +0 whip.
* * * LOW HITPOINT WARNING * * *
You barely miss the kobold. The kobold hits you with a +0 whip.
* * * LOW HITPOINT WARNING * * *
The kobold barely misses you.
You hit the kobold.
You kill the kobold!
You hit the worm. You punch the worm, but do no damage.
The worm is moderately wounded.
The worm barely misses you.
You hit the worm.
The worm is heavily wounded.
The worm closely misses you.
You barely miss the worm.
The worm is heavily wounded.
The worm bites you but does no damage.
You barely miss the worm.
The worm is heavily wounded.
You hit the worm.
The worm is severely wounded.
The worm bites you but does no damage.
You hit the worm.
The worm is severely wounded.
The worm bites you!
* * * LOW HITPOINT WARNING * * *
You hit the worm.
The worm is severely wounded.
The worm bites you.
You die...

#.# #...###.......#
#.# #.### ######...#
#.#######'###### ###.#
#.##.bP#...#P.P# #
####P..#...#.P.# ###.#
#...#...#...#####....#
#####...######.....#.#
#...........###......#
+...........@w.....###
#...........###.####
#####...##### #.#
#.P.#...#P..# #.#
#P.P#...#...# #.#
#..P#...#P..# ..#
######+###### ###


You could see a worm.

Vanquished Creatures
  An adder (D:2)
  A bat (D:2)
  5 endoplasms
  A giant cockroach (D:2)
  A goblin (D:2)
  2 hobgoblins (D:1)
  2 jackals (D:1)
  A kobold (D:2)
  5 quokkas
  5 ball pythons (D:1)
  2 frilled lizards (D:1)
  A rat (D:1)
27 creatures vanquished.

Vanquished Creatures (collateral kills)
  A jackal (D:1)
1 creature vanquished.

Vanquished Creatures (others)
  4 plants (D:1)
4 creatures vanquished.

Grand Total: 32 creatures vanquished

Notes
Turn   | Place    | Note
-------+----------+-------------------------------------------
     0 | D:1      | pkoi the Demigod Artificer began the quest for the Orb.
     0 | D:1      | Reached XP level 1. HP: 15/15 MP: 3/3
    44 | D:1      | Reached skill level 3 in Evocations
   421 | D:1      | Reached XP level 2. HP: 18/22 MP: 4/4
   902 | D:1      | Reached skill level 1 in Fighting
  1929 | D:2      | Reached XP level 3. HP: 23/28 MP: 4/6
  2147 | D:2      | Slain by a worm

Illustrated notes

Levels and vault maps discovered:
D:1:      psy_arrival_basics, layout_rooms, minmay_misc_feat_five,
          serial_bayou_ford_a, minmay_hexomino_p4
D:2:      layout_loops_cross, chequers_ecumenical_altar_simple_redux,
          serial_aquarium, aquarium_bridge_square [aquarium_subvault_bridge,
          aquarium_subvault_wall, aquarium_subvault_wall,
          aquarium_subvault_wall], aquarium_window_fake, aquarium_window_corner,
          aquarium_window_fake, aquarium_window_corridor_3, aquarium_view_2g,
          aquarium_pool_four

Skill      XL: |  1  2 |
---------------+-------+-----
Evocations     | 3 |  3.7
Fighting       | 1 |  1.2
Armour         | |  1.7
Dodging        | |  0.8
Stealth        | |  0.8
Unarmed Combat | |  0.1
Spellcasting   | |  0.5

Action                   || total
-------------------------++-------
Melee: Mace              ||   115
       Punch             ||     4
Evoke: Wand              ||     1
  Use: Scroll            ||     4
 Stab: Sleeping          ||     1
Armor: Leather armour    ||    39
Dodge: Dodged            ||    96
